 Dungeon Crawl Stone Soup version 0.24.1 (webtiles) character file.

Game seed: 1367364029054880426, levelgen mode: deterministic

32 Destapler the Magician (level 3, -1/27 HPs)
             Began as a Draconian Wizard on Mar 27, 2020.
             Slain by a leopard gecko (5 damage)
             ... on level 1 of the Dungeon.
             The game lasted 00:03:11 (1113 turns).

Destapler the Magician (Draconian Wizard)           Turns: 1113, Time: 00:03:11

Health: -1/27      AC:  5    Str:  9    XL:     3   Next: 8%
Magic:  7/7        EV: 12    Int: 19    God:
Gold:   10         SH:  0    Dex:  9    Spells: 7/8 levels left

rFire    . . .     SeeInvis .   a - +0 spear
rCold    . . .     Gourm    .   (no shield)
rNeg     . . .     Faith    .   (armour unavailable)
rPois    .         Spirit   .   b - +0 hat
rElec    .         Reflect  .   (no cloak)
rCorr    .         Harm     .   (no gloves)
MR       .....                  (no boots)
Stlth    ++........             (no amulet)
HPRegen  0.09/turn              (no ring)
MPRegen  0.10/turn              (no ring)

@: lethally poisoned (-1 -> -2)
A: unfitting armour, cold-blooded, AC +5
a: no special abilities


You were on level 1 of the Dungeon.
You were hungry.

You visited 1 branch of the dungeon, and saw 2 of its levels.

You collected 10 gold pieces.

Inventory:

Hand Weapons
 a - a +0 spear (weapon)
Armour
 b - a +0 hat (worn)
Scrolls
 e - 2 scrolls of identify {unknown}
 g - a scroll of magic mapping {unknown}
Potions
 d - a potion of agility {unknown}
 f - 3 potions of haste {unknown}
Comestibles
 c - a ration


   Skills:
 + Level 0.7 Fighting
 + Level 2.0 Dodging
 + Level 2.0 Stealth
 * Level 3.3 Spellcasting
 * Level 1.7 Conjurations
   Level 1.0 Summonings
   Level 1.0 Translocations


You had 7 spell levels left.
You knew the following spells:

 Your Spells              Type           Power        Failure   Level  Hunger
a - Magic Dart            Conj           #...         7%          1    None

Your spell library contained the following spells:

 Spells                   Type           Power        Failure   Level  Hunger
 Blink                    Tloc           N/A          14%         2    ##.....
 Call Imp                 Summ           #.......     14%         2    ##.....
 Slow                     Hex            #.......     22%         2    ##.....
 Conjure Flame            Conj/Fire      #.......     30%         3    ###....
 Mephitic Cloud           Conj/Pois/Air  #.......     34%         3    ###....


Dungeon Overview and Level Annotations

Branches:
Dungeon (2/15)

Altars:


Innate Abilities, Weirdness & Mutations

Your plain brown scales are hard. (AC +5)
You cannot fit into any form of body armour.
You are cold-blooded and may be slowed by cold attacks.


Message History

* * * LOW HITPOINT WARNING * * *
The adder closely misses you.
You barely miss the adder.
The adder is severely wounded.
The leopard gecko bites you.
* * * LOW HITPOINT WARNING * * *
The adder closely misses you. The leopard gecko misses you.
You hit the adder.
You kill the adder!
You have reached level 3!
Your experience leads to an increase in your attributes!
Increase (S)trength, (I)ntelligence, or (D)exterity?
You feel clever.
Your scales feel tougher.
The leopard gecko barely misses you.
You closely miss the leopard gecko.
You feel sick. The leopard gecko bites you.
* * * LOW HITPOINT WARNING * * *
You barely miss the leopard gecko.
The leopard gecko bites you but does no damage.
The leopard gecko bites you.
You die...

#.# #.# #.# #.# #.# #.# #.# #.#
#.# #.# #.# ######.# #.# #.#
#########......### #.# #.#
#................. ##.# #.#
#.#######.######## ...# #.#
#l#######.########
##.#####.#######@................
###...#.#.......†.......########
##≈#.#.#.##(####.#########
≈≈≈#.#.#.##.# #.# ≈###.#....#.#
#.# ≈#.#.###..#.# #.#
≈..#......#.# #.# ≈..######.#.#
#.# ≈.≈.........# #.#


You could see a leopard gecko.

Vanquished Creatures
  A gnoll (D:1)
  An adder (D:1)
  A giant cockroach (D:1)
  A goblin (D:1)
  4 jackals (D:1)
  4 bats (D:1)
  2 rats (D:1)
14 creatures vanquished.

Notes
Turn   | Place    | Note
-------+----------+-------------------------------------------
     0 | D:1      | Destapler the Draconian Wizard began the quest for the Orb.
     0 | D:1      | Reached XP level 1. HP: 14/14 MP: 4/4
   206 | D:1      | Reached XP level 2. HP: 20/22 MP: 0/6
  1111 | D:1      | Reached XP level 3. HP: 5/27 MP: 7/7
  1113 | D:1      | Slain by a leopard gecko

Levels and vault maps discovered:
D:1:      co_arrival_square_in_a_square_in_a_square, layout_basic,
          chequers_serial_rivers_small_3
D:2:      layout_loops_cross, lemuel_blue_sif_altar, lemuel_round_altar,
          uniq_sigmund

Skill      XL: |  1  2 |
---------------+-------+-----
Stealth        | 2 |  2.0
Dodging        | 2 |  2.0
Fighting       | |  0.7
Spellcasting   | |  3.3
Conjurations   | |  1.7
Summonings     | |  1.0
Translocations | |  1.0

Action                   || total
-------------------------++-------
Melee: Spear             ||    72
       Tailslap          ||     6
 Cast: Magic Dart        ||     9
 Stab: Sleeping          ||     1
Armor: Skin              ||    24
Dodge: Dodged            ||    82
